[ AOE2 MATCH · #505831642 ]
UnrankedBritons vs Franks
Player's team · LOSS
Rival team · WIN
[ REPLAY ANALYSIS · EXTRACTED FROM THE RECORDED GAME ]
Feudal
11:10
Castle
20:26
Imperial
—
| APM avg | 107.5 |
| APM peak | 249 |
| eAPM avg | 41.2 |
| Villagers / military | 74 / 50 |
Focus
⚔️ 61.2% · 🌾 38.8%
Archer ×34 · Knight ×6 · Militia ×3 · Spearman ×3 · Mangonel ×2 · Monk ×1
Feudal
8:41
Castle
19:33
Imperial
—
| APM avg | 94.1 |
| APM peak | 125 |
| eAPM avg | 34.0 |
| Villagers / military | 83 / 45 |
Focus
⚔️ 30.8% · 🌾 69.2%
Skirmisher ×23 · Knight ×13 · Scout Cavalry ×5 · Monk ×3 · Spearman ×1
Match map
Initial resources + every placement click. Lines = walls · curves = elevation contours. ◆ gold · ⬟ stone · ● berries · ✦ relic · ◌ wall gap
Your base· ✓ Closed at 20:26 · 37t walls · no gate
Lamo's base· Open — opponent sealed themselves in
Smoothed initial terrain · ◌ = detected wall gap · hover for details
Inputs per minute
— Itz_Zenta - - Lamo
Build order — Itz_Zenta
First 150 of 227 actions detected
| 0:02 | Queue | Villager (Male) ×4 |
| 0:04 | Build | House |
| 0:05 | Build | House |
| 1:10 | Queue | Villager (Male) |
| 1:10 | Queue | Villager (Male) |
| 1:45 | Build | Lumber Camp |
| 1:57 | Queue | Villager (Male) |
| 1:58 | Queue | Villager (Male) |
| 2:23 | Queue | Villager (Male) |
| 2:23 | Queue | Villager (Male) |
| 2:41 | Queue | Villager (Male) |
| 2:41 | Queue | Villager (Male) |
| 3:21 | Queue | Villager (Male) |
| 3:31 | Queue | Villager (Male) |
| 4:00 | Build | House |
| 4:11 | Queue | Villager (Male) |
| 4:24 | Queue | Villager (Male) |
| 4:29 | Build | Barracks |
| 4:56 | Queue | Villager (Male) |
| 5:00 | Build | House |
| 5:12 | Queue | Villager (Male) |
| 5:22 | Queue | Militia |
| 5:22 | Queue | Militia |
| 5:44 | Queue | Militia |
| 5:45 | Queue | Villager (Male) |
| 6:08 | Queue | Villager (Male) |
| 6:29 | Build | Mill |
| 6:39 | Queue | Villager (Male) |
| 6:40 | Build | House |
| 7:00 | Queue | Villager (Male) |
| 7:21 | Build | Palisade Wall |
| 7:35 | Queue | Villager (Male) |
| 8:10 | Queue | Villager (Male) |
| 8:11 | Research | Loom |
| 8:28 | Build | Farm |
| 8:30 | Build | Farm |
| 8:45 | Research | Feudal Age |
| 8:58 | Build | Palisade Wall |
| 9:19 | Build | Palisade Wall |
| 9:22 | Build | Palisade Wall |
| 9:55 | Build | Mining Camp |
| 10:02 | Queue | Villager (Male) |
| 10:33 | Build | Farm |
| 11:10 | Age | Feudal Age |
| 11:13 | Queue | Spearman |
| 11:23 | Build | Archery Range |
| 11:26 | Queue | Villager (Male) |
| 11:29 | Research | Double-Bit Axe |
| 11:40 | Research | Man-at-Arms (upgrade) |
| 11:54 | Queue | Villager (Male) |
| 12:03 | Research | Town Watch |
| 12:08 | Build | House |
| 12:08 | Queue | Archer |
| 12:14 | Build | Farm |
| 12:24 | Queue | Villager (Male) |
| 12:33 | Build | Farm |
| 12:34 | Queue | Archer |
| 12:48 | Build | Farm |
| 12:51 | Queue | Villager (Male) |
| 13:00 | Build | Farm |
| 13:12 | Queue | Villager (Male) |
| 13:14 | Build | House |
| 13:29 | Queue | Villager (Male) |
| 14:01 | Build | House |
| 14:02 | Queue | Archer |
| 14:06 | Queue | Villager (Male) |
| 14:09 | Build | Farm |
| 14:10 | Build | Farm |
| 14:21 | Queue | Archer |
| 14:22 | Queue | Spearman |
| 14:27 | Build | Farm |
| 14:33 | Build | House |
| 14:45 | Queue | Villager (Male) |
| 14:47 | Queue | Archer |
| 14:50 | Queue | Spearman |
| 15:24 | Queue | Villager (Male) |
| 15:35 | Build | Lumber Camp |
| 15:36 | Build | Farm |
| 15:39 | Queue | Archer |
| 15:53 | Queue | Villager (Male) |
| 15:55 | Build | Farm |
| 16:18 | Build | Farm |
| 16:18 | Queue | Villager (Male) |
| 16:25 | Queue | Archer |
| 16:43 | Build | Blacksmith |
| 16:45 | Queue | Villager (Male) |
| 16:46 | Queue | Villager (Male) |
| 17:16 | Queue | Archer |
| 17:17 | Build | Farm |
| 17:25 | Build | Farm |
| 17:46 | Research | Castle Age |
| 17:46 | Build | Farm |
| 18:00 | Queue | Archer |
| 18:19 | Build | Archery Range |
| 18:21 | Build | House |
| 18:25 | Research | Fletching |
| 18:42 | Build | Farm |
| 18:45 | Build | Farm |
| 18:47 | Queue | Archer |
| 18:52 | Research | Horse Collar |
| 18:52 | Research | Horse Collar |
| 19:10 | Queue | Archer |
| 19:17 | Build | Stable |
| 19:39 | Queue | Archer |
| 20:11 | Queue | Scout Cavalry |
| 20:17 | Build | Farm |
| 20:20 | Queue | Villager (Male) |
| 20:26 | Age | Castle Age |
| 20:27 | Queue | Knight |
| 20:29 | Research | Bodkin Arrow |
| 20:49 | Queue | Villager (Male) |
| 20:50 | Research | Bow Saw |
| 21:07 | Research | Crossbowman (upgrade) |
| 21:07 | Research | Crossbowman (upgrade) |
| 21:09 | Queue | Villager (Male) |
| 21:12 | Build | Town Center |
| 21:29 | Queue | Archer |
| 21:36 | Queue | Villager (Male) |
| 21:59 | Queue | Knight |
| 21:59 | Queue | Villager (Male) |
| 22:02 | Build | Farm |
| 22:03 | Queue | Villager (Male) |
| 22:07 | Build | Monastery |
| 22:10 | Queue | Archer |
| 22:13 | Queue | Villager (Male) |
| 22:20 | Queue | Archer |
| 22:27 | Queue | Villager (Male) |
| 22:38 | Build | Siege Workshop |
| 22:39 | Queue | Villager (Male) |
| 22:40 | Build | House |
| 22:45 | Research | Scale Barding Armor |
| 22:45 | Research | Scale Barding Armor |
| 22:45 | Queue | Archer |
| 22:46 | Queue | Villager (Male) |
| 22:55 | Build | Farm |
| 22:56 | Build | Farm |
| 23:08 | Queue | Knight |
| 23:11 | Build | House |
| 23:14 | Build | Farm |
| 23:15 | Queue | Villager (Male) |
| 23:18 | Build | Farm |
| 23:18 | Build | Farm |
| 23:24 | Queue | Archer |
| 23:24 | Queue | Archer |
| 23:27 | Queue | Villager (Male) |
| 23:35 | Build | Siege Workshop |
| 23:42 | Queue | Knight |
| 23:53 | Queue | Villager (Male) |
| 23:57 | Build | Farm |
| 23:57 | Build | Farm |
Build order — Lamo
First 150 of 230 actions detected
| 0:00 | Queue | Villager (Male) |
| 0:00 | Queue | Villager (Male) |
| 0:01 | Queue | Villager (Male) |
| 0:02 | Build | House |
| 0:03 | Build | House |
| 0:29 | Queue | Villager (Male) |
| 1:26 | Queue | Villager (Male) |
| 1:53 | Queue | Villager (Male) |
| 2:01 | Build | Lumber Camp |
| 2:20 | Queue | Villager (Male) |
| 2:43 | Queue | Villager (Male) |
| 3:13 | Queue | Villager (Male) |
| 3:13 | Queue | Villager (Male) |
| 3:28 | Queue | Villager (Male) |
| 3:52 | Build | House |
| 4:01 | Queue | Villager (Male) |
| 4:25 | Queue | Villager (Male) |
| 4:25 | Queue | Villager (Male) |
| 4:39 | Build | Mill |
| 4:57 | Queue | Villager (Male) |
| 5:10 | Research | Loom |
| 6:31 | Research | Feudal Age |
| 7:21 | Build | Barracks |
| 7:37 | Build | House |
| 8:10 | Build | Palisade Wall |
| 8:11 | Build | Palisade Wall |
| 8:14 | Build | Palisade Wall |
| 8:23 | Build | Palisade Wall |
| 8:28 | Queue | Villager (Male) |
| 8:41 | Age | Feudal Age |
| 8:42 | Build | Stable |
| 8:46 | Queue | Villager (Male) |
| 8:47 | Queue | Spearman |
| 8:58 | Build | House |
| 9:20 | Queue | Villager (Male) |
| 9:23 | Research | Double-Bit Axe |
| 9:24 | Queue | Scout Cavalry |
| 9:24 | Queue | Scout Cavalry |
| 9:30 | Build | Palisade Wall |
| 9:40 | Queue | Villager (Male) |
| 9:55 | Queue | Scout Cavalry |
| 9:57 | Build | Farm |
| 10:08 | Queue | Villager (Male) |
| 10:09 | Build | Farm |
| 10:22 | Build | Palisade Wall |
| 10:29 | Build | Farm |
| 10:42 | Queue | Villager (Male) |
| 10:45 | Build | Farm |
| 10:46 | Build | Farm |
| 11:06 | Build | House |
| 11:07 | Queue | Villager (Male) |
| 11:09 | Build | Farm |
| 11:28 | Build | House |
| 11:31 | Queue | Villager (Male) |
| 11:42 | Build | Farm |
| 11:43 | Build | Farm |
| 11:50 | Queue | Villager (Male) |
| 11:54 | Build | Farm |
| 12:09 | Build | Farm |
| 12:10 | Queue | Scout Cavalry |
| 12:17 | Queue | Villager (Male) |
| 12:20 | Build | Palisade Wall |
| 12:25 | Build | Farm |
| 12:36 | Queue | Scout Cavalry |
| 12:39 | Build | Palisade Wall |
| 12:46 | Build | House |
| 12:50 | Queue | Villager (Male) |
| 12:51 | Build | House |
| 13:03 | Queue | Villager (Male) |
| 13:18 | Build | Mining Camp |
| 13:32 | Queue | Villager (Male) |
| 13:44 | Queue | Villager (Male) |
| 13:56 | Build | Palisade Wall |
| 13:58 | Build | Palisade Wall |
| 13:59 | Build | Palisade Wall |
| 14:09 | Queue | Villager (Male) |
| 14:18 | Build | Archery Range |
| 14:38 | Queue | Villager (Male) |
| 14:40 | Build | Farm |
| 14:43 | Build | Farm |
| 15:24 | Queue | Villager (Male) |
| 15:40 | Queue | Villager (Male) |
| 15:41 | Build | Archery Range |
| 15:46 | Build | Farm |
| 16:03 | Build | Lumber Camp |
| 16:15 | Queue | Villager (Male) |
| 16:45 | Build | House |
| 16:53 | Research | Castle Age |
| 16:53 | Research | Castle Age |
| 16:55 | Queue | Skirmisher |
| 16:55 | Queue | Skirmisher |
| 17:01 | Build | Blacksmith |
| 17:06 | Build | House |
| 17:22 | Queue | Skirmisher |
| 17:25 | Queue | Skirmisher |
| 17:52 | Queue | Skirmisher |
| 18:02 | Research | Fletching |
| 18:05 | Queue | Skirmisher |
| 18:20 | Build | House |
| 18:21 | Build | House |
| 18:31 | Research | Padded Archer Armor |
| 18:32 | Research | Padded Archer Armor |
| 19:04 | Queue | Skirmisher |
| 19:25 | Queue | Villager (Male) |
| 19:33 | Age | Castle Age |
| 19:41 | Build | Town Center |
| 19:43 | Queue | Knight |
| 19:47 | Research | Elite Skirmisher (upgrade) |
| 19:53 | Queue | Villager (Male) |
| 20:08 | Queue | Villager (Male) |
| 20:18 | Queue | Villager (Male) |
| 20:36 | Research | Leather Archer Armor |
| 20:44 | Queue | Skirmisher |
| 20:45 | Queue | Skirmisher |
| 20:46 | Research | Bow Saw |
| 20:52 | Build | House |
| 20:53 | Build | House |
| 21:01 | Queue | Villager (Male) |
| 21:17 | Queue | Skirmisher |
| 21:17 | Queue | Skirmisher |
| 21:18 | Queue | Villager (Male) |
| 21:26 | Queue | Knight |
| 21:32 | Build | Monastery |
| 21:35 | Queue | Skirmisher |
| 21:46 | Queue | Villager (Male) |
| 21:58 | Queue | Villager (Male) |
| 22:03 | Queue | Villager (Male) |
| 22:03 | Queue | Villager (Male) |
| 22:08 | Build | Farm |
| 22:08 | Build | Farm |
| 22:10 | Build | Farm |
| 22:10 | Build | Farm |
| 22:12 | Queue | Villager (Male) |
| 22:19 | Build | House |
| 22:21 | Queue | Monk |
| 22:26 | Queue | Villager (Male) |
| 22:36 | Queue | Villager (Male) |
| 22:41 | Build | Farm |
| 22:42 | Build | Farm |
| 22:46 | Queue | Villager (Male) |
| 22:46 | Queue | Villager (Male) |
| 22:48 | Build | Farm |
| 22:50 | Build | Farm |
| 22:52 | Build | Farm |
| 22:58 | Queue | Villager (Male) |
| 23:08 | Queue | Monk |
| 23:08 | Queue | Villager (Male) |
| 23:08 | Queue | Villager (Male) |
| 23:15 | Queue | Villager (Male) |
| 23:15 | Queue | Villager (Male) |
Match timeline
| 4:29 | Itz_Zenta · first_building Barracks |
| 7:21 | Itz_Zenta · wall_segment Palisade Wall x7 |
| 7:21 | Lamo · first_building Barracks |
| 8:10 | Lamo · wall_segment Palisade Wall x1 |
| 8:11 | Lamo · wall_segment Palisade Wall x1 |
| 8:14 | Lamo · wall_segment Palisade Wall x1 |
| 8:23 | Lamo · wall_segment Palisade Wall x2 |
| 8:41 | Lamo · age_up feudal |
| 8:42 | Lamo · first_building Stable |
| 8:58 | Itz_Zenta · wall_segment Palisade Wall x8 |
| 9:19 | Itz_Zenta · wall_segment Palisade Wall x9 |
| 9:22 | Itz_Zenta · wall_segment Palisade Wall x13 |
| 9:30 | Lamo · wall_segment Palisade Wall x8 |
| 10:22 | Lamo · wall_segment Palisade Wall x1 |
| 11:10 | Itz_Zenta · age_up feudal |
| 11:23 | Itz_Zenta · first_building Archery Range |
| 12:20 | Lamo · wall_segment Palisade Wall x17 |
| 12:39 | Lamo · wall_segment Palisade Wall x4 |
| 13:56 | Lamo · wall_segment Palisade Wall x1 |
| 13:58 | Lamo · wall_segment Palisade Wall x1 |
| 13:59 | Lamo · wall_segment Palisade Wall x1 |
| 14:18 | Lamo · first_building Archery Range |
| 19:17 | Itz_Zenta · first_building Stable |
| 19:33 | Lamo · age_up castle |
| 20:26 | Itz_Zenta · age_up castle |
| 21:32 | Lamo · first_building Monastery |
| 22:07 | Itz_Zenta · first_building Monastery |
| 22:38 | Itz_Zenta · first_building Siege Workshop |
| 29:54 | Itz_Zenta · resign |
[ AI ANALYSIS · 1 CREDIT ]
What really happened in this match?
Wolo.gg analyzes every decision: build order, eco, micro, common mistakes by bracket. Personalized analysis on WhatsApp or Discord in 30 seconds.
Civ guide
Britons
Perfil
Jugador #24335740